 Dungeon Crawl Stone Soup version 0.22-a0-603-gfc1114d (webtiles) character file.

448 Hebeh the Chopper (level 6, -2/56 HPs)
             Began as a Minotaur Fighter on July 7, 2018.
             Slain by an ogre
             ... wielding a +0 giant club
              (11 damage)
             ... on level 4 of the Dungeon.
             The game lasted 00:09:38 (3498 turns).

Hebeh the Chopper (Minotaur Fighter)                Turns: 3498, Time: 00:09:39

Health: -2/56      AC:  7    Str: 22    XL:     6   Next: 73%
Magic:  0/5        EV:  7    Int:  5    God:
Gold:   70         SH: 10    Dex: 10    Spells: 5/5 levels left

rFire    . . .     SeeInvis .   a - +0 war axe
rCold    . . .     Gourm    .   c - +0 shield
rNeg     . . .     Faith    .   g - +0 scale mail
rPois    .         Spirit   +   (helmet restricted)
rElec    .         Reflect  .   v - scarf {Spirit}
rCorr    .         Harm     .   (no gloves)
MR       +....                  (no boots)
Stlth    ..........             (no amulet)
HPRegen  0.18/turn              r - ring of protection from magic
MPRegen  0.09/turn              (no ring)

@: no status effects
A: retaliatory headbutt, horns 2
a: no special abilities


You were on level 4 of the Dungeon.
You were not hungry.

You visited 1 branch of the dungeon, and saw 4 of its levels.

You collected 70 gold pieces.

Inventory:

Hand Weapons
 a - a +0 war axe (weapon)
 b - a +0 hunting sling
Missiles
 m - 224 stones (quivered)
 o - 25 sling bullets
Armour
 c - a +0 shield (worn)
 g - a +0 scale mail (worn)
 t - a +0 cloak
 v - a scarf of spirit shield (worn)
Jewellery
 r - a ring of protection from magic (left hand)
 w - a +2 ring of dexterity {unknown}
Wands
 j - a wand of random effects (14)
Scrolls
 h - 4 scrolls of identify
 i - a scroll of enchant armour {unknown}
 l - a scroll of fear {unknown}
 p - a scroll of teleportation {unknown}
 s - a scroll of blinking {unknown}
 u - a scroll of remove curse
Potions
 d - 2 potions of might
 e - 2 potions of heal wounds
 k - a potion of haste {unknown}
 n - a potion of curing {unknown}
 q - a potion of brilliance {unknown}
 x - a potion of ambrosia {unknown}
 z - a potion of mutation {unknown}
Comestibles
 f - 5 rations


   Skills:
 + Level 5.2 Fighting
 * Level 5.6 Axes
 + Level 1.4 Slings
 + Level 5.1 Armour
 + Level 5.1 Shields


You had 5 spell levels left.
You didn't know any spells.
Your spell library was empty.

Dungeon Overview and Level Annotations

Branches:
Dungeon (4/15)
 Temple: D:4-7

Altars:
Elyvilon
Okawaru
Uskayaw


Innate Abilities, Weirdness & Mutations

You reflexively headbutt those who attack you in melee.
You have a pair of horns on your head.


Message History

The iguana bites you but does no damage.
The ogre closely misses you.
You hit the ogre but do no damage.
Your shield and scale mail prevent you from hitting the iguana.
The iguana bites you.
You slash the ogre!
The ogre is heavily wounded.
You closely miss the iguana. The ogre hits you with a giant club!!
The iguana bites you.
You are too injured to fight recklessly!
You are too injured to fight recklessly!
You are too injured to fight recklessly!
You are too injured to fight recklessly!
You eat one of the 6 rations.
That ration really hit the spot!
The ogre hits you with a giant club!!
* * * LOW HITPOINT WARNING * * *
The iguana bites you but does no damage.
Unknown command.
The ogre hits you with a giant club!
You die...

##### #######?....
#.........#
#.........#
#.........####
#............
#...l......#
#.[.O......+
#####@.....# ###
#.......# #....
#.......#
#.##.####
#...#######.##....
#...# #.........#
#...####.........#
#...'..'.........#
##### #.#.#
#...####.........#
....# #.#.#
#######
#.........#


You could see an ogre and an iguana.

Vanquished Creatures
  A sky beast (D:4)
  A scorpion (D:4)
  Crazy Yiuf (D:2)
  A centaur skeleton (D:4)
  Natasha (thrice) (D:2 D:4)
  2 adders
  5 gnolls
  2 oozes (D:1)
  2 worms
  5 dart slugs
  2 leopard geckos
  3 orcs (D:3)
  5 bats
  6 giant cockroaches
  6 goblins
  11 hobgoblins
  3 jackals
  A quokka (D:3)
  3 frilled lizards
  16 kobolds
  6 rats
85 creatures vanquished.

Notes
Turn   | Place    | Note
-------+----------+-------------------------------------------
     0 | D:1      | Hebeh the Minotaur Fighter began the quest for the Orb.
     0 | D:1      | Reached XP level 1. HP: 19/19 MP: 0/0
    42 | D:1      | Reached XP level 2. HP: 26/27 MP: 1/1
   165 | D:1      | Reached XP level 3. HP: 33/33 MP: 2/2
   867 | D:2      | Reached XP level 4. HP: 31/40 MP: 3/3
   942 | D:2      | Noticed Natasha
   952 | D:2      | Killed Natasha
  1074 | D:2      | Found a runed door.
  1237 | D:2      | Found a white marble altar of Elyvilon.
  1317 | D:2      | Noticed Natasha
  1322 | D:2      | Killed Natasha
  1322 | D:2      | Reached XP level 5. HP: 30/47 MP: 4/4
  1502 | D:2      | Found a hide-covered altar of Uskayaw.
  1502 | D:2      | Found an iron altar of Okawaru.
  2009 | D:2      | Noticed Crazy Yiuf
  2014 | D:2      | Killed Crazy Yiuf
  2509 | D:3      | Found an iron altar of Okawaru.
  2895 | D:4      | Noticed Natasha
  2903 | D:4      | Killed Natasha
  2903 | D:4      | Reached skill level 5 in Axes
  2903 | D:4      | Reached XP level 6. HP: 30/55 MP: 3/5
  3048 | D:4      | Noticed a sky beast
  3064 | D:4      | Killed a sky beast
  3064 | D:4      | Reached skill level 5 in Fighting
  3064 | D:4      | Reached skill level 1 in Slings
  3064 | D:4      | Reached skill level 5 in Armour
  3064 | D:4      | Reached skill level 5 in Shields
  3498 | D:4      | Slain by an ogre

Vault maps used:
D:1:      lemuel_arrival_rhombus
D:2:      elyvilon_altar_1, gammafunk_temple_overflow_elements,
          uniq_crazy_yiuf_cottage, uniq_natasha
D:3:      minmay_misc_feat_square, st_stairs_1, okawaru_gym_becter
D:4:      first_ration, serial_co_window_serial, co_window_paths_a,
          co_window_paths_b, co_window_corner_a, co_window_of_opportunity_a,
          co_window_corner_a, co_window_corner_b, co_window_corner_b,
          co_window_2corner, co_window_sun

Skill      XL: |  1  2  3  4  5  6 |
---------------+-------------------+-----
Axes           | 3 4 5 |  5.6
Fighting       | 4 5 |  5.2
Armour         | 4 5 |  5.1
Shields        | 4 5 |  5.1
Slings         | 1 |  1.4

Action                   |  1- 3 |  4- 6 || total
-------------------------+-------+-------++-------
Melee: War axe           |    55 |   146 ||   201
       Headbutt          |     7 |    21 ||    28
 Fire: Hunting sling     |       |    17 ||    17
  Use: Scroll            |       |     2 ||     2
  Eat: Chunk             |       |     7 ||     7
       Ration            |       |     1 ||     1
Armor: Scale mail        |    20 |    58 ||    78
Dodge: Dodged            |    16 |    45 ||    61
Block: Shield            |    32 |    82 ||   114

Table legend:
 A = Spawn XP
 B = Non-spawn XP
 C = Spawn XP percentage of total XP
 D = Spawn monster count
 E = Non-spawn monster count
 F = Spawn count percentage of total count
 G = Total turns spent on level
                    A         B        C        D         E        F      G
               +---------+---------+-------+---------+---------+-------+---------
         Total |       0 |     641 |   0.0 |       0 |      85 |   0.0 |  3498
               +---------+---------+-------+---------+---------+-------+---------
           D:1 |       0 |      92 |   0.0 |       0 |      24 |   0.0 |   859
           D:2 |       0 |     203 |   0.0 |       0 |      35 |   0.0 |  1277
           D:3 |       0 |      55 |   0.0 |       0 |      21 |   0.0 |   683
           D:4 |       0 |     291 |   0.0 |       0 |       5 |   0.0 |   679
               +---------+---------+-------+---------+---------+-------+---------
